 Dungeon Crawl Stone Soup version 0.17-a0-1324-ga541562 (webtiles) character file.

2052 Fluffy the Basher (level 9, -1/52 HPs)
             Began as a Gargoyle Fighter on June 9, 2015.
             Slain by an orc warrior
             ... wielding a +0 flail
              (5 damage)
             ... on level 6 of the Dungeon.
             The game lasted 00:09:46 (4025 turns).

Fluffy the Basher (Gargoyle Fighter)                Turns: 4025, Time: 00:09:46

Health: -1/52      AC: 18    Str: 21    XL:     9   Next: 25%
Magic:  9/9        EV:  4    Int:  8    God:
Gold:   227        SH:  9    Dex: 12    Spells: 0 memorised, 8 levels left

rFire  + . .     SeeInvis .     t - +0 morningstar
rCold  x . .     Clarity  .     a - +0 plate armour
rNeg   + . .     SustAt   .     c - +0 shield
rPois  ∞         Gourm    .     i - +0 helmet
rElec  +         Spirit   .     (no cloak)
rCorr  .         Warding  .     (no gloves)
rMut   .         Stasis   .     (no boots)
MR     .....                    (no amulet)
Stlth  ..........               (no ring)
                                k - ring of fire

@: hasted, very quick, not resistant to hostile enchantments, extremely
unstealthy
A: negative energy resistance 1, electricity resistance, unbreathing,
petrification resistance, rot immunity, AC +5
a: no special abilities


You were on level 6 of the Dungeon.
You were not hungry.

You visited 1 branch of the dungeon, and saw 6 of its levels.

You collected 227 gold pieces.

Inventory:

Hand weapons
 t - a +0 morningstar (weapon)
Armour
 a - a +0 plate armour (worn)
 c - a +0 shield (worn)
 i - a +0 helmet (worn)
Jewellery
 k - a ring of fire (left hand)
Magical devices
 e - a wand of slowing (48)
Scrolls
 g - 2 scrolls of recharging
 l - 2 scrolls of remove curse
Potions
 b - a potion of haste
 d - 2 potions of might
 h - a potion of resistance
 j - 2 potions of agility
 s - a potion of flight
Comestibles
 f - 2 fruits
 o - a slice of pizza
 q - 2 beef jerkies
 r - 2 bread rations


   Skills:
 + Level 3.8 Fighting
 + Level 11.3 Maces & Flails
 + Level 4.0 Armour
 + Level 4.0 Shields


You had 8 spell levels left.
You didn't know any spells.

Dungeon Overview and Level Annotations

Branches:
Dungeon (6/15)
 Temple: D:4-7

Altars:
Nemelex Xobeh
Sif Muna
Vehumet

Annotations:
D:4 exclusion: statue


Innate Abilities, Weirdness & Mutations

You are resistant to torment.
Your stone body is resilient (AC +5).
You are immune to poison.
You resist negative energy.
You are resistant to electric shocks.
You can survive without breathing.
You are immune to petrification.
You are immune to rotting.


Message History

You closely miss the orc warrior.
The orc warrior is moderately wounded.
You hit the orc warrior but do no damage.
The orc warrior is moderately wounded.
The orc completely misses you.
You barely miss the orc warrior.
The orc warrior is moderately wounded.
You block the orc warrior's attack.
You closely miss the orc warrior.
The orc warrior is moderately wounded.
The orc barely misses you. You block the orc warrior's attack.
You barely miss the orc.
The orc hits you with a hand axe of flaming.
* * * LOW HITPOINT WARNING * * *
The orc warrior hits you with a flail!
* * * LOW HITPOINT WARNING * * *
Drink which item? (? for menu, Esc to quit)
You feel yourself speed up. The orc hits you but does no damage.
The orc warrior hits you with a flail.
You die...

.....+.......#........... .....%
.....##...##.#............ #'#...
.....##...##.#....#'####'##..'...
.............+>...'.' ###'#...
.............#....#'####+#.......
.............#...##.#............
.............#...#..+............
.....###+###.#..o#..#.....##'#...
.....##...##.#..@o..#.....#..# .
.....'.......#...#..'.....†..+
.....#.......+...#..#.....#+##...
.....#.......#...#..###+#........
.....##...##+#...##.# #........
.....##...##.#....### +(.......
.............'.)..# #........
####+##...##+#....# ##+####+#
##...##...##.#....#


You could see an orc warrior and an orc.

Vanquished Creatures
  Pikel (D:4)
  Grinder (D:3)
  2 deep elf fighters (D:5)
  A sky beast (D:5)
  2 ogres
  An orc warrior (D:5)
  2 centaurs (D:5)
  A gnoll sergeant (D:5)
  A giant frog (D:6)
  2 crimson imps
  A giant frog zombie (D:6)
  An orc priest (D:6)
  A centaur skeleton (D:5)
  An orc wizard (D:3)
  3 hounds
  A jelly (D:6)
  A worker ant (D:4)
  A hound skeleton (D:6)
  6 adders
  2 worms
  6 giant geckos
  7 orcs
  A bat skeleton (D:5)
  4 giant cockroaches
  8 goblins
  10 hobgoblins
  6 jackals
  2 quokkas
  2 ball pythons
  8 bats
  3 giant newts
  A jackal skeleton (D:5)
  9 kobolds
  6 rats
105 creatures vanquished.

Notes
Turn   | Place    | Note
--------------------------------------------------------------
     0 | D:1      | Fluffy the Gargoyle Fighter began the quest for the Orb.
     0 | D:1      | Reached XP level 1. HP: 14/14 MP: 1/1
    92 | D:1      | Reached XP level 2. HP: 19/19 MP: 2/2
   609 | D:2      | Reached XP level 3. HP: 23/23 MP: 3/3
   760 | D:2      | Found a sparkling altar of Nemelex Xobeh.
  1004 | D:3      | Reached skill level 4 in Maces & Flails
  1081 | D:3      | Reached XP level 4. HP: 18/28 MP: 4/4
  1225 | D:3      | Noticed Grinder
  1241 | D:3      | Killed Grinder
  1241 | D:3      | Reached skill level 6 in Maces & Flails
  1241 | D:3      | Reached XP level 5. HP: 5/32 MP: 5/5
  1241 | D:3      | Reached XP level 6. HP: 5/37 MP: 6/6
  2010 | D:4      | Noticed Pikel
  2032 | D:4      | Killed Pikel
  2032 | D:4      | Reached skill level 8 in Maces & Flails
  2032 | D:4      | Reached XP level 7. HP: 19/41 MP: 7/7
  2036 | D:4      | Reached skill level 9 in Maces & Flails
  2036 | D:4      | Reached XP level 8. HP: 17/46 MP: 8/8
  2178 | D:4      | Found a radiant altar of Vehumet.
  2304 | D:5      | Entered Level 5 of the Dungeon
  2413 | D:5      | Found a deep blue altar of Sif Muna.
  2537 | D:5      | Reached skill level 10 in Maces & Flails
  3199 | D:5      | Reached skill level 11 in Maces & Flails
  3433 | D:5      | Reached XP level 9. HP: 46/51 MP: 9/9
  4025 | D:6      | Slain by an orc warrior

Vault maps used:
D:1:      dpeg_arrival_orchard
D:2:      nemelex_deck
D:3:      uniq_grinder
D:4:      vehumet_statue, first_bread, uniq_pikel
D:5:      lemuel_round_altar, sword_in_stone

Action                   |  1- 3 |  4- 6 |  7- 9 || total
-------------------------+-------+-------+-------++-------
Melee: Flail             |   114 |   105 |    60 ||   279
       Morningstar       |       |       |   209 ||   209
  Use: Potion            |       |     1 |     1 ||     2
       Scroll            |       |       |    10 ||    10
  Eat: Chunk             |     1 |     3 |     2 ||     6
       Bread ration      |       |       |     1 ||     1
